 Dungeon Crawl Stone Soup version 0.25.1-9-gc5326a611f (webtiles) character file.

Game seed: 15187510818965124780

171 H0rd4k the Magician (level 5, -2/28 HPs)
             Began as a Deep Elf Wizard on Jan 4, 2021.
             Was an Initiate of Gozag.
             Killed by divine providence
             ... invoked by an orc priest
              (14 damage)
             ... on level 3 of the Dungeon.
             The game lasted 00:04:57 (3732 turns).

H0rd4k the Magician (Deep Elf Wizard)               Turns: 3732, Time: 00:04:58

Health: -2/28      AC:  2    Str:  4    XL:     5   Next: 26%
Magic:  5/15       EV: 13    Int: 24    God:    Gozag
Gold:   190        SH:  0    Dex: 13    Spells: 7/16 levels left

rFire    . . .     SeeInvis .   (no weapon)
rCold    . . .     Gourm    .   (no shield)
rNeg     . . .     Faith    .   a - +0 robe
rPois    .         Spirit   .   b - +0 hat
rElec    .         Reflect  .   (no cloak)
rCorr    .         Harm     .   (no gloves)
MR       .....                  (no boots)
Stlth    +++.......             e - amulet of inaccuracy (curse)
HPRegen  0.09/turn              m - ring of stealth
MPRegen  0.14/turn              (no ring)

@: no status effects
A: no striking features
a: Potion Petition, Call Merchant, Bribe Branch, Renounce Religion


You were on level 3 of the Dungeon.
You worshipped Gozag.
Gozag was aware of your devotion.
You were not hungry.

You visited 1 branch of the dungeon, and saw 3 of its levels.

You collected 217 gold pieces.
You paid 27 gold pieces to Gozag.

Inventory:

Missiles
 g - 2 curare-tipped darts (quivered)
 k - 14 poisoned darts
Armour
 a - a +0 robe (worn)
 b - a +0 hat (worn)
Jewellery
 c - an uncursed amulet of regeneration
 e - a cursed amulet of inaccuracy (around neck)
 l - a +6 ring of dexterity
 m - a ring of stealth (left hand)
Wands
 o - a wand of enslavement (12)
Scrolls
 f - a scroll of enchant weapon
 i - a scroll of teleportation
 j - a scroll of fear {unknown}
Potions
 h - a potion of heal wounds {unknown}
 n - a potion of brilliance {unknown}
Comestibles
 d - a ration


   Skills:
 + Level 3.1 Dodging
 + Level 3.0 Stealth
 + Level 6.3 Spellcasting
 + Level 2.5 Conjurations
   Level 1.1 Summonings
 + Level 1.1 Translocations
 + Level 1.1 Fire Magic
 + Level 1.0 Air Magic
 + Level 1.0 Poison Magic


You had 7 spell levels left.
You knew the following spells:

 Your Spells              Type           Power        Failure   Level  Hunger
a - Magic Dart            Conj           ###.         2%          1    None
b - Blink                 Tloc           N/A          8%          2    None
c - Conjure Flame         Conj/Fire      ###.....     11%         3    None
d - Mephitic Cloud        Conj/Pois/Air  ##......     12%         3    None

Your spell library contained the following spells:

 Spells                   Type           Power        Failure   Level  Hunger
 Call Imp                 Summ           ##......     8%          2    None
 Slow                     Hex            #.......     12%         2    None


Dungeon Overview and Level Annotations

Branches:
Dungeon (3/15)

Altars:
Cheibriados
Gozag
Makhleb
Sif Muna
Xom


Message History

Confirm with . or Enter, or press ? or * to list all spells.
Aiming: Magic Dart (safe; 2% risk of failure)
Press: ? - help, Shift-Dir - straight line, f/p - orc priest
Aim: an orc priest, wielding a +0 club and wearing a cursed -2 chain mail (moderately wounded)
The magic dart hits the orc priest but does no damage.
The orc priest is moderately wounded.
The orc shouts!
The orc priest hits you with a +0 club.
Casting: Magic Dart (safe; 2% risk of failure)
Confirm with . or Enter, or press ? or * to list all spells.
Aiming: Magic Dart (safe; 2% risk of failure)
Press: ? - help, Shift-Dir - straight line, f/p - orc priest
Aim: an orc priest, wielding a +0 club and wearing a cursed -2 chain mail (moderately wounded)
The magic dart hits the orc priest but does no damage.
The orc priest is moderately wounded.
The orc priest calls down the wrath of Beogh upon you.
Beogh smites you!
Ouch! That really hurt!
You die...
Your body crumbles into a pile of gold.

...#.....##.# #.###.#
######...###.###.###.#
##+## #.........#
#####.##### #.#
########.# .........#
...#####..#
..o.ooo@..#
.#######.## #.# #.#
..# ###


You could see 2 orc priests and 2 orcs.

Vanquished Creatures
  An orc wizard (D:3)
  4 gnolls
  3 adders
  A worm (D:2)
  3 dart slugs
  3 leopard geckos
  8 orcs
  A ball python (D:1)
  A giant cockroach (D:3)
  7 hobgoblins
  3 jackals (D:3)
  3 kobolds
  A quokka (D:3)
  5 bats
  6 frilled lizards
  6 goblins
  9 rats
65 creatures vanquished.

Notes
Turn   | Place    | Note
-------+----------+-------------------------------------------
     0 | D:1      | H0rd4k the Deep Elf Wizard began the quest for the Orb.
     0 | D:1      | Reached XP level 1. HP: 10/10 MP: 7/7
   340 | D:1      | Reached skill level 5 in Spellcasting
   340 | D:1      | Reached XP level 2. HP: 15/15 MP: 6/10
  1018 | D:2      | Reached XP level 3. HP: 11/19 MP: 2/12
  1026 | D:2      | Learned a level 2 spell: Blink
  1030 | D:2      | Learned a level 3 spell: Conjure Flame
  1034 | D:2      | Learned a level 3 spell: Mephitic Cloud
  1608 | D:1      | Reached XP level 4. HP: 23/24 MP: 3/13
  1628 | D:1      | Reached skill level 6 in Spellcasting
  1628 | D:1      | Reached skill level 1 in Poison Magic
  1836 | D:2      | Found a faded altar of an unknown god.
  2243 | D:2      | Found a shimmering blue altar of Sif Muna.
  2546 | D:3      | Found an opulent altar of Gozag.
  2569 | D:3      | Became a worshipper of Gozag Ym Sagoz the Greedy
  2647 | D:3      | Reached skill level 1 in Fire Magic
  2664 | D:3      | Found a shimmering altar of Xom.
  2767 | D:3      | Reached skill level 1 in Air Magic
  3077 | D:3      | Found a burning altar of Makhleb.
  3145 | D:3      | Reached XP level 5. HP: 23/28 MP: 2/15
  3182 | D:3      | Found a snail-covered altar of Cheibriados.
  3732 | D:3      | Killed from afar by an orc priest

Illustrated notes

Levels and vault maps discovered:
D:1:      mrwooster_arrival_statue_2, layout_loops_ring, st_stairs_5
D:2:      layout_basic, lemuel_blue_sif_altar, chequers_ecumenical_altar_simple
D:3:      layout_loops_corners, kennysheep_slug_shrine,
          nicolae_overflow_hidden_temple, gammafunk_temple_overflow_wave,
          lemuel_round_altar, xom_teletrap_fun

Skill      XL: |  1  2  3  4  5 |
---------------+----------------+-----
Spellcasting   | 5 6 |  6.3
Poison Magic   | 1 |  1.0
Conjurations   | 2 |  2.5
Fire Magic     | 1 |  1.1
Air Magic      | 1 |  1.0
Dodging        | 3 |  3.1
Stealth        | 3 |  3.0
Summonings     | |  1.1
Translocations | |  1.1

Action                   |  1- 3 |  4- 6 || total
-------------------------+-------+-------++-------
 Cast: Magic Dart        |    78 |   108 ||   186
       Blink             |       |     1 ||     1
  Use: Scroll            |       |     2 ||     2
       Potion            |       |     1 ||     1
  Eat: Chunk             |     2 |     3 ||     5
       Ration            |       |     1 ||     1
Armor: Robe              |     2 |     3 ||     5
Dodge: Dodged            |    13 |    14 ||    27
